 Dungeon Crawl Stone Soup version 0.27-a0-1189-gb8eb6cee8e (webtiles) character file.

Game seed: 9435825366937294394

102 polve the Cutter (level 4, -7/34 HPs)
             Began as a Demonspawn Gladiator on May 22, 2021.
             Mangled by an ogre
             ... wielding a +0 giant spiked club
              (15 damage)
             ... on level 3 of the Dungeon.
             The game lasted 00:03:27 (3154 turns).

polve the Cutter (Demonspawn Gladiator)             Turns: 3154, Time: 00:03:27

Health: -7/34      AC: 11    Str: 16    XL:     4   Next: 50%
Magic:  0/4        EV:  4    Int:  9    God:
Gold:   31         SH:  7    Dex: 14    Spells: 3/3 levels left

rFire    . . .     SeeInvis .   a - +0 rapier
rCold    . . .     Faith    .   o - +0 kite shield
rNeg     . . .     Spirit   +   b - +0 chain mail
rPois    .         Reflect  .   c - +0 helmet
rElec    .         Harm     .   (no cloak)
rCorr    .         Rampage  .   (no gloves)
Will     .....                  (no boots)
Stlth    ..........             k - amulet of guardian spirit
HPRegen  0.11/turn              (no ring)
MPRegen  0.09/turn              (no ring)

@: very slightly contaminated, invisible
A: molten scales 1, powered by death 1
a: no special abilities


You were on level 3 of the Dungeon.
You visited 1 branch of the dungeon, and saw 3 of its levels.

You collected 31 gold pieces.

Inventory:

Hand Weapons
 a - a +0 rapier (weapon)
Missiles
 d - 3 throwing nets (quivered)
Armour
 b - a +0 chain mail (worn)
 c - a +0 helmet (worn)
 i - a +0 scale mail
 o - a +0 kite shield (worn)
Jewellery
 k - an amulet of guardian spirit (around neck)
Scrolls
 f - a scroll of enchant weapon {unknown}
 g - 2 scrolls of teleportation {unknown}
 m - 3 scrolls of identify {unknown}


   Skills:
 + Level 2.9 Fighting
 * Level 4.0 Short Blades
 - Level 1.7 Throwing
 + Level 1.5 Armour
 - Level 2.6 Dodging
 * Level 0.1 Shields


You had 3 spell levels left.
You didn't know any spells.
Your spell library was empty.

Dungeon Overview and Level Annotations

Branches:
Dungeon (3/15)

Altars:
Hepliaklqana

Shops:
D:3 *


Innate Abilities, Weirdness & Mutations

You are partially covered in molten scales. (AC +2)
You regenerate a little health from kills.


Message History

You see here a +0 ring mail.
m - 3 scrolls labelled HOJAUNETHRO (gained 1)
You see here a +0 dagger.
An ogre is nearby!
An ogre is nearby!
An ogre is nearby!
An ogre is nearby!
The ogre shouts!
It was a potion of cancellation.
You feel magically purged.
It was a potion of ambrosia.
You are confused.
You feel invigorated.
It was a potion of curing.
You feel better.
You feel less invigorated.
It was a potion of invisibility.
You fade into invisibility!
You are very lightly contaminated with residual magic.
It was a potion of magic.
Magic courses through your body.
You puncture the ogre!
The ogre is moderately wounded.
The ogre hits you with a +0 giant spiked club!
You hit the ogre.
The ogre is heavily wounded.
The ogre hits you with a +0 giant spiked club!
* * * LOW HITPOINT WARNING * * *
Your shield and chain mail prevent you from hitting the ogre.
The ogre is heavily wounded.
You block the ogre's attack.
You see here a +0 dagger.
There is an escape hatch in the ceiling here.
You hit the ogre but do no damage.
The ogre is heavily wounded.
You block the ogre's attack.
You barely miss the ogre.
The ogre is heavily wounded.
The ogre hits you with a +0 giant spiked club.
* * * LOW HITPOINT WARNING * * *
Your chain mail prevents you from hitting the ogre.
The ogre is heavily wounded.
The ogre hits you with a +0 giant spiked club!
You die...

#..........)...................
#.......#######.##..#.##.......
#...#.#.# #.##.##..#.....##
#.......# ##....###.#..####
###...#.#.# ##...### #....#
...#......# #..### ###..#.#
..........## #..# ###....#.#
...........####.O###...#....##
...........#.)..@##..##......#
...........#.###.##..(...#.#.####
.......∩.....###.....###.#.#....#
.............##....### #.#.####..
..(...(....#.....#######.#.# ###
...#......###.......(......##
.#######.......#.#######....#####
. ##.....####.# #.........
####...##.####.# ##...#####


You could see an ogre.

Vanquished Creatures
  An adder (D:2)
  2 worms
  A dart slug (D:2)
  4 orcs (D:3)
  5 ball pythons
  3 bats
  8 endoplasms
  3 giant cockroaches
  5 goblins
  2 hobgoblins
  16 jackals
  6 kobolds
  3 quokkas
  2 frilled lizards
  11 rats
72 creatures vanquished.

Notes
Turn   | Place    | Note
-------+----------+-------------------------------------------
     0 | D:1      | polve the Demonspawn Gladiator began the quest for the Orb.
     0 | D:1      | Reached XP level 1. HP: 16/16 MP: 1/1
   464 | D:1      | Reached skill level 3 in Short Blades
   464 | D:1      | Gained mutation: You regenerate a little health from kills.
                  | [demonic ancestry]
   464 | D:1      | Reached XP level 2. HP: 22/22 MP: 2/2
   884 | D:1      | Reached skill level 1 in Armour
   962 | D:1      | Gained mutation: You are partially covered in molten
                  | scales. (AC +2) [demonic ancestry]
   962 | D:1      | Reached XP level 3. HP: 28/28 MP: 3/3
  1748 | D:2      | Found a faded altar of an unknown god.
  1897 | D:2      | Reached XP level 4. HP: 34/34 MP: 4/4
  2151 | D:3      | Found Farank's Assorted Antiques.
  2493 | D:3      | Found a faded altar of an unknown god.
  2494 | D:3      | Found a hazy altar of Hepliaklqana.
  2640 | D:3      | Noticed an ogre
  2976 | D:3      | Reached skill level 4 in Short Blades
  3154 | D:3      | Mangled by an ogre

Illustrated notes

Levels and vault maps discovered:
D:1:      elethiomel_arrival_infinity_welcomes_careful_drivers,
          layout_loops_corners, chequers_serial_rivers_room_b
D:2:      layout_basic, ebering_ecumenical_altar_ruins
D:3:      layout_rooms, beargit_hepliaklqana_dungeon_heroes, serial_shops, shop,
          serial_glass, glass_columns_a, glass_columns_a, grunt_ministairs_1

Skill      XL: |  1  2  3  4 |
---------------+-------------+-----
Short Blades   | 3 4 |  4.0
Armour         | 1 |  1.5
Fighting       | |  2.9
Throwing       | |  1.7
Dodging        | |  2.6
Shields        | |  0.1

Action                   |  1- 3 |  4- 6 || total
-------------------------+-------+-------++-------
Melee: Rapier            |   141 |   115 ||   256
  Use: Potion            |       |     5 ||     5
 Stab: Sleeping          |     2 |       ||     2
Armor: Leather armour    |    43 |       ||    43
       Scale mail        |    12 |    36 ||    48
       Chain mail        |       |     8 ||     8
Dodge: Dodged            |   107 |    58 ||   165
Block: Kite shield       |       |     9 ||     9

Table legend: (Time is in decaauts)
 A = Elapsed time spent in this place.
 B = Non-inter-level travel time spent in this place.
 C = Inter-level travel time spent in this place.
 D = Time resting spent in this place.
 E = Time spent auto-exploring this place.
 F = Levels seen in this place.
 G = Mean time per level.
                   A        B        C        D        E       F      G
               +--------+--------+--------+--------+--------+-----+--------+
         Total |   3173 |   3056 |    117 |      0 |   2471 |   3 | 1057.7 |
       Dungeon |   3173 |   3056 |    117 |      0 |   2471 |   3 | 1057.7 |
               +--------+--------+--------+--------+--------+-----+--------+

Top non-repeatable levels by time:
     D:1: 1201 daAuts
     D:2: 1154 daAuts
     D:3: 817 daAuts
